 Dungeon Crawl Stone Soup version 0.22-a0-482-g76e0a5f51a (webtiles) character file.

73 Kaname the Conjurer (level 4, 0/30 HPs)
             Began as a Demonspawn Wizard on June 17, 2018.
             Succumbed to a killer bee's poison
             ... on level 3 of the Dungeon.
             The game lasted 00:06:49 (2253 turns).

Kaname the Conjurer (Demonspawn Wizard)             Turns: 2253, Time: 00:06:49

Health: 0/30       AC:  3    Str:  8    XL:     4   Next: 8%
Magic:  1/8        EV: 17    Int: 18    God:
Gold:   89         SH:  0    Dex: 16    Spells: 0/9 levels left

rFire    . . .     SeeInvis .   s - +0 spear
rCold    . . .     Gourm    .   (no shield)
rNeg     . . .     Faith    .   a - +0 robe
rPois    .         Spirit   +   b - +0 hat
rElec    .         Reflect  .   (no cloak)
rCorr    +         Harm     .   e - +0 pair of gloves
MR       .....                  (no boots)
Stlth    +++.......             (no amulet)
HPRegen  0.10/turn              j - ring of resist corrosion
MPRegen  0.11/turn              (no ring)

@: agile, lethally poisoned (0 -> -4), flying
A: claws 1, dopey 1, magic shield
a: no special abilities


You were on level 3 of the Dungeon.
You were not hungry.

You visited 1 branch of the dungeon, and saw 3 of its levels.

You collected 89 gold pieces.

Inventory:

Hand Weapons
 n - a +0 dagger
 s - a +0 spear (weapon)
Armour
 a - a +0 robe (worn)
 b - a +0 hat (worn)
 e - a +0 pair of gloves (worn)
Jewellery
 j - a ring of resist corrosion (left hand)
Scrolls
 k - a scroll of identify
Comestibles
 d - 5 rations
 r - 2 chunks of flesh


   Skills:
 - Level 1.7 Dodging
 - Level 1.7 Stealth
 - Level 3.0 Spellcasting
 + Level 4.0 Conjurations
   Level 1.0 Summonings
 - Level 0.8 Translocations


You couldn't memorise any spells.
You knew the following spells:

 Your Spells              Type           Power        Failure   Level  Hunger
a - Magic Dart            Conj           ###.         3%          1    None
b - Blink                 Tloc           N/A          17%         2    ##.....
c - Mephitic Cloud        Conj/Pois/Air  #.......     28%         3    ###....
d - Conjure Flame         Conj/Fire      #.......     22%         3    ###....

Your spell library contained the following spells:

 Spells                   Type           Power        Failure   Level  Hunger
 Slow                     Hex            #.......     24%         2    ##.....
 Call Imp                 Summ           #.......     16%         2    ##.....


Dungeon Overview and Level Annotations

Branches:
Dungeon (3/15)

Altars:
Trog


Innate Abilities, Weirdness & Mutations

When hurt, damage is shared between your health and your magic reserves.
You have sharp fingernails.
You are dopey. (Int -2)


Message History

Your surroundings suddenly seem different.
Found a mace.
An adder comes into view.
* * * LOW HITPOINT WARNING * * *
You feel sick.
* * * LOW HITPOINT WARNING * * *
You feel sick.
You aren't carrying any potions.
There is a lethal amount of poison in your body!
* * * LOW HITPOINT WARNING * * *
You feel sick.
A bat comes into view.
Casting: Magic Dart (safe; 3% risk of failure)
Confirm with . or Enter, or press ? or * to list all spells.
Aiming: Magic Dart (safe; 3% risk of failure)
Press: ? - help, Shift-Dir - straight line, f - bat
Aim: a bat The magic dart hits the bat.
You kill the bat!
You die...

###########
#..@...†...
#.#########
#.# #.# #.#
#.#
.######.######
...S.........#
..........##.#


There were no monsters in sight!

Vanquished Creatures
  An adder (D:2)
  3 oozes
  A worm (D:2)
  2 dart slugs
  A leopard gecko (D:2)
  2 ball pythons (D:1)
  2 giant cockroaches
  2 goblins
  5 hobgoblins
  3 jackals (D:1)
  5 kobolds
  A quokka (D:2)
  4 bats
  5 frilled lizards
  6 rats (D:2)
43 creatures vanquished.

Notes
Turn   | Place    | Note
-------+----------+-------------------------------------------
     0 | D:1      | Kaname the Demonspawn Wizard began the quest for the Orb.
     0 | D:1      | Reached XP level 1. HP: 13/13 MP: 4/4
   530 | D:1      | Reached skill level 2 in Conjurations
   771 | D:1      | Gained mutation: When hurt, damage is shared between your health and your magic reserves. [demonic ancestry]
   771 | D:1      | Reached XP level 2. HP: 19/19 MP: 4/6
  1549 | D:2      | Reached skill level 3 in Conjurations
  1553 | D:2      | Learned a level 2 spell: Blink
  1564 | D:2      | Reached XP level 3. HP: 11/24 MP: 0/7
  1569 | D:2      | Learned a level 3 spell: Mephitic Cloud
  2047 | D:2      | Noticed a moth of wrath
  2049 | D:2      | Found a bloodstained altar of Trog.
  2205 | D:3      | Reached skill level 4 in Conjurations
  2205 | D:3      | Reached XP level 4. HP: 30/30 MP: 4/8
  2210 | D:3      | Learned a level 3 spell: Conjure Flame
  2243 | D:3      | Gained mutation: You are dopey. (Int -2) [potion of mutation]
  2243 | D:3      | Gained mutation: You have sharp fingernails. [potion of mutation]
  2247 | D:3      | HP: 1/30 [poisoned by a killer bee]
  2253 | D:3      | Succumbed to a killer bee's poison

Vault maps used:
D:1:      minmay_arrival_jagged, nrook_loot_triangle
D:2:      tgw_trog
D:3:      uniq_ijyb, uniq_sigmund, uniq_terence

Skill      XL: |  1  2  3 |
---------------+----------+-----
Conjurations   | 2 3 4 |  4.0
Dodging        | |  1.7
Stealth        | |  1.7
Spellcasting   | |  3.0
Summonings     | |  1.0
Translocations | |  0.8

Action                   |  1- 3 |  4- 6 || total
-------------------------+-------+-------++-------
Melee: Unarmed           |    54 |       ||    54
       Dagger            |    50 |       ||    50
       Spear             |     4 |       ||     4
 Cast: Magic Dart        |    98 |     7 ||   105
  Use: Scroll            |       |     7 ||     7
       Potion            |       |     4 ||     4
 Stab: Sleeping          |     1 |       ||     1
  Eat: Chunk             |     4 |       ||     4
Armor: Robe              |    42 |     1 ||    43
Dodge: Dodged            |    75 |    16 ||    91

Table legend:
 A = Spawn XP
 B = Non-spawn XP
 C = Spawn XP percentage of total XP
 D = Spawn monster count
 E = Non-spawn monster count
 F = Spawn count percentage of total count
 G = Total turns spent on level
                    A         B        C        D         E        F      G
               +---------+---------+-------+---------+---------+-------+---------
         Total |       0 |     105 |   0.0 |       0 |      43 |   0.0 |  2253
               +---------+---------+-------+---------+---------+-------+---------
           D:1 |       0 |      32 |   0.0 |       0 |      18 |   0.0 |  1525
           D:2 |       0 |      62 |   0.0 |       0 |      22 |   0.0 |   653
           D:3 |       0 |      11 |   0.0 |       0 |       3 |   0.0 |    75
               +---------+---------+-------+---------+---------+-------+---------
